 Dungeon Crawl Stone Soup version 0.30.1 (webtiles) character file.

Game seed: 2728017659045745363

1322 monsoonserge the Cleaver (level 9, -1/74 HPs)
             Began as a Meteoran Fighter on July 9, 2023.
             Was a Believer of Nemelex Xobeh.
             Shot with a bolt by an orc warrior (11 damage)
             ... on level 7 of the Dungeon.
             The game lasted 00:20:16 (2647 turns).

monsoonserge the Cleaver (Meteoran Fighter)         Turns: 2647, Time: 00:20:16

Health: -1/74      AC: 13    Str: 22    XL:     9   Next: 13%
Magic:  10/11      EV:  7    Int: 10    God:    Nemelex Xobeh [**....]
Gold:   389        SH:  0    Dex: 14    Spells: 8/8 levels left

rFire   . . .        m - +0 executioner's axe
rCold   . . .        (shield currently unavailable)
rNeg    . . .        g - +0 plate armour
rPois   .            (no helmet)
rElec   .            (no cloak)
rCorr   .            (no gloves)
SInv    +            (no boots)
Will    +....        (no amulet) Stlth
                     t - ring of see invisible
HPRegen 0.32/turn    (no ring)
MPRegen 0.12/turn

%: no passive effects
@: glowing
A: sense surroundings 2, otherworldly, glowing, explore regen
a: Renounce Religion, Draw Escape, Draw Destruction, Draw Summoning


You were on level 7 of the Dungeon.
You worshipped Nemelex Xobeh.
Nemelex Xobeh was pleased with you.
You visited 2 branches of the dungeon, and saw 8 of its levels.
You also visited: Sewer.

You collected 389 gold pieces.

Inventory:

Hand Weapons
 a - a +0 war axe
 m - a +0 executioner's axe (weapon)
 B - a +0 hand crossbow
Missiles
 f - 3 throwing nets
 n - 14 poisoned darts (quivered)
 v - 7 boomerangs
Armour
 c - a +0 buckler
 g - a +0 plate armour (worn)
Jewellery
 t - a ring of see invisible (left hand)
Wands
 r - a wand of polymorph (9)
 y - a wand of roots (3)
Scrolls
 i - 2 scrolls of enchant armour
 j - a scroll of noise {unknown}
 k - a scroll of poison {unknown}
 p - a scroll of fog {unknown}
 q - 2 scrolls of enchant weapon
 w - 3 scrolls of teleportation {unknown}
 x - a scroll of brand weapon {unknown}
 C - a scroll of magic mapping {unknown}
Potions
 b - a potion of invisibility {unknown}
 d - 2 potions of might
 e - 2 potions of berserk rage
 h - 2 potions of lignification {unknown}
 l - 2 potions of ambrosia {unknown}
 o - a potion of magic {unknown}
 s - 2 potions of curing {unknown}
 u - 2 potions of heal wounds {unknown}
 z - a potion of haste {unknown}
 A - 2 potions of resistance


   Skills:
 + Level 5.2 Fighting
 + Level 9.1 Axes
 * Level 2.0 Throwing
 + Level 6.7 Armour
 + Level 1.2 Dodging
 - Level 4.0 Shields
 * Level 1.6 Invocations
 * Level 1.9 Evocations


You had 8 spell levels left.
You didn't know any spells.
Your spell library contained the following spells:

 Spells                   Type           Power      Damage    Failure   Level
 Magic Dart               Conj           0%         1d3       100%        1
 Shock                    Conj/Air       0%         1d3       100%        1
 Call Imp                 Summ           0%         N/A       100%        2
 Gell's Gravitas          Tloc           0%         N/A       100%        3
 Mephitic Cloud           Conj/Pois/Air  0%         N/A       100%        3
 Stone Arrow              Conj/Erth      0%         3d7       100%        3
 Swiftness                Air            0%         N/A       100%        3
 Teleport Other           Tloc           0%         N/A       100%        3
 Airstrike                Air            0%         2d(0-16)  100%        4
 Animate Armour           Summ/Erth      0%         N/A       100%        4
 Dispersal                Tloc           0%         N/A       100%        6
 Lehudib's Crystal Spear  Conj/Erth      0%         10d2      100%        8


Dungeon Overview and Level Annotations

Branches:
Dungeon (7/15) Zot: 1542   Temple (1/1) D:5 Zot: 593   Sewer (visited)

Altars:
Cheibriados
Hepliaklqana
Makhleb
Nemelex Xobeh
Uskayaw
Wu Jian


Innate Abilities, Weirdness & Mutations

You passively map the area around you.
You are easily found by Zot.
You glow in the dark.
You regain HP and MP as you explore.


Message History

You closely miss the orc warrior.
The sky beast hits you but does no damage.
The orc warrior hits you with a +0 hand axe.
The sky beast hits you but does no damage.
Unknown command.
You miss the sky beast.
The sky beast is lightly wounded.
You barely miss the orc warrior.
The orc warrior hits you with a +0 hand axe!
The sky beast hits you. The sky beast shocks you.
* * * LOW HITPOINT WARNING * * *
The orc warrior hits you with a +0 hand axe!
* * * LOW HITPOINT WARNING * * *
Okay, then.
You draw a card...
You have drawn the Pentagram.
The sky beast barely misses you.
The orc warrior hits you but does no damage.
You barely miss the orc warrior. You closely miss the sky beast.
Your hell hound breathes flames at the sky beast.
The blast of flame hits the sky beast!!
The sky beast dies!
The orc warrior hits you with a +0 hand axe.
* * * LOW HITPOINT WARNING * * *
Your Throwing skill increases to level 2!
You swap places.
The orc warrior hits your hell hound with a +0 hand axe!
Your hell hound closely misses the orc warrior.
Unknown command.
Your hell hound closely misses the orc warrior.
The orc warrior hits your hell hound with a +0 hand axe.
The orc warrior hits your hellwing with a +0 hand axe.
Your hellwing hits the orc warrior!
Your hellwing closely misses the orc warrior.
Your hell hound closely misses the orc warrior.
There is a stone staircase leading up, spattered with blood here.
The orc warrior unwields a +0 hand axe.
The orc warrior wields a +0 arbalest.
The orc warrior shoots a bolt.
The bolt barely misses your hell hound. The bolt hits you!
You die...
Your body glows slightly brighter and disappears.

, , * ,, , , , * * ,
, ... , , , ....* ,
, ,....###### . ,, ,
.........######...
,, ,
,......).......:...,
, #......<@.......
#....).####...#. ,
#...4h)+ .# * , * ,
#...o..# ,, ,, ,
#......#* *, ,
#../$..# , *,
######## ** , * ** *
*


You could see an orc warrior (ally target), a friendly hellwing (summoned) and a
friendly hell hound (summoned).

Vanquished Creatures
  Grinder (D:5)
  A water moccasin (Sewer)
  A sky beast (D:6)
  An ogre (D:5)
  A scorpion (D:5)
  A bullfrog (D:5)
  2 howler monkeys
  A jelly (D:6)
  An orc priest (D:6)
  2 gnoll boudas (D:5)
  2 hounds (D:5)
  2 iguanas
  3 orc wizards
  9 gnolls
  6 adders
  A white imp (D:5)
  An ufetubus (D:5)
  2 worms
  2 dart slugs
  9 orcs
  2 bats
  3 endoplasms
  3 giant cockroaches
  5 hobgoblins
  10 jackals
  4 kobolds
  5 quokkas
  8 ball pythons
  2 frilled lizards (D:1)
  8 goblins
  5 rats
104 creatures vanquished.

Vanquished Creatures (collateral kills)
  A sky beast (D:7)
1 creature vanquished.

Grand Total: 105 creatures vanquished

Notes
Turn   | Place    | Note
-------+----------+-------------------------------------------
     0 | D:1      | monsoonserge the Meteoran Fighter began the quest for the
                  | Orb.
     0 | D:1      | Reached XP level 1. HP: 19/19 MP: 2/2
    96 | D:1      | Reached XP level 2. HP: 26/26 MP: 3/3
   161 | D:1      | Reached XP level 3. HP: 24/31 MP: 4/4
   340 | D:2      | Reached skill level 3 in Axes
   574 | D:2      | Reached XP level 4. HP: 40/40 MP: 5/5
   756 | D:3      | Reached skill level 4 in Axes
   776 | D:3      | Reached XP level 5. HP: 46/46 MP: 6/6
  1405 | D:4      | Found a sparkling altar of Nemelex Xobeh.
  1406 | D:4      | Found a snail-covered altar of Cheibriados.
  1419 | D:4      | Reached skill level 5 in Axes
  1419 | D:4      | Reached XP level 6. HP: 34/52 MP: 7/7
  1426 | D:4      | Reached skill level 5 in Armour
  1426 | D:4      | Found a hazy altar of Hepliaklqana.
  1433 | D:4      | Became a worshipper of Nemelex Xobeh the Trickster
  1510 | D:5      | Entered Level 5 of the Dungeon
  1516 | D:5      | Noticed an ogre
  1523 | D:5      | Killed an ogre
  1524 | D:5      | Reached skill level 1 in Throwing
  1529 | D:5      | Reached skill level 1 in Evocations
  1529 | D:5      | Reached XP level 7. HP: 57/59 MP: 8/8
  1588 | D:5      | Noticed Grinder
  1601 | D:5      | Reached skill level 6 in Axes
  1632 | D:5      | Paralysed by Grinder for 5 turns
  1640 | D:5      | Killed Grinder
  1641 | D:5      | Reached skill level 7 in Axes
  1669 | D:5      | Found a burning altar of Makhleb.
  1722 | D:5      | Reached * piety under Nemelex Xobeh
  1746 | D:5      | Reached skill level 1 in Dodging
  1746 | D:5      | Reached XP level 8. HP: 50/67 MP: 9/9
  1788 | D:5      | Found a staircase to the Ecumenical Temple.
  1797 | Temple   | Entered the Ecumenical Temple
  2022 | D:6      | Reached skill level 5 in Fighting
  2022 | D:6      | Reached skill level 8 in Axes
  2067 | D:6      | Found a glowing drain.
  2074 | Sewer    | Entered a sewer
  2128 | Sewer    | Reached ** piety under Nemelex Xobeh
  2128 | Sewer    | Received a gift from Nemelex Xobeh
  2148 | Sewer    | HP: 5/102 [poisoned by a water moccasin]
  2473 | D:6      | Found an ornate altar of the Wu Jian Council.
  2510 | D:6      | Reached skill level 1 in Invocations
  2585 | D:6      | Gained mutation: You passively map the area around you.
                  | [Meteoran growth]
  2585 | D:6      | Reached XP level 9. HP: 72/74 MP: 10/10
  2587 | D:6      | Reached skill level 9 in Axes
  2647 | D:7      | Shot with a bolt by an orc warrior

Illustrated notes

Levels and vault maps discovered:
D:1:      ebering_hopf_link, layout_basic
D:2:      layout_rooms, minmay_misc_feat_diagonals, minmay_misc_feat_cross,
          kennysheep_generic_room_5
D:3:      layout_loops_ring
D:4:      layout_layer_cave, chequers_temple_overflow_statue_of_worship
D:5:      layout_layer_cave, bloody_makhleb, minmay_temple_entry_ruins,
          uniq_grinder
D:6:      layout_layer_cave, lemuel_tele_altar, gup_sewer_entry_bubbles
D:7:      layout_basic, nzn_overflow_gifts_of_might_and_magic, uniq_duvessa
Temple:   dshaligram_water_room_temple

Skill      XL: |  1  2  3  4  5  6  7  8  9 |
---------------+----------------------------+-----
Armour         | 4 5 6 |  6.7
Shields        | 4 |  4.0
Axes           | 3 4 5 7 8 9 |  9.1
Fighting       | 4 5 |  5.2
Throwing       | 1 2 |  2.0
Evocations     | 1 |  1.9
Dodging        | 1 |  1.2
Invocations    | 1 |  1.6

Action                     |  1- 3 |  4- 6 |  7- 9 || total
---------------------------+-------+-------+-------++-------
  Melee: War axe           |    83 |   119 |       ||   202
         Executioner's axe |       |     9 |   122 ||   131
  Throw: Dart              |       |     5 |       ||     5
 Invoke: Draw Destruction  |       |       |     2 ||     2
         Draw Summoning    |       |       |     1 ||     1
    Use: Scroll            |       |       |     3 ||     3
         Potion            |       |       |     2 ||     2
 Armour: Scale mail        |    46 |       |       ||    46
         Plate armour      |    22 |   116 |   136 ||   274
  Dodge: Dodged            |    39 |    27 |    53 ||   119
  Block: Buckler           |    22 |    39 |       ||    61
